 Dungeon Crawl Stone Soup version 0.28-a0-793-g31680bbd8b (webtiles) character file.

Game seed: 15880169370583116982

407 horus123 the Magician (level 6, 0/32 HPs)
             Began as a Deep Elf Conjurer on Nov 5, 2021.
             Was a High Priest of Ignis.
             Slain by Edmund (11 damage)
             ... on level 4 of the Dungeon.
             The game lasted 00:10:22 (4203 turns).

horus123 the Magician (Deep Elf Conjurer)           Turns: 4203, Time: 00:10:23

Health: 0/32       AC:  5    Str:  4    XL:     6   Next: 57%
Magic:  1/16       EV: 16    Int: 25    God:    Ignis [*****.]
Gold:   125        SH:  0    Dex: 13    Spells: 0/16 levels left

rFire   + . .      SeeInvis .   (no weapon)
rCold   . . .      Faith    +   (no shield)
rNeg    . . .      Spirit   .   a - +0 robe
rPois   .          Reflect  .   l - +2 helmet
rElec   .          Harm     .   (no cloak)
rCorr   .          Rampage  .   (no gloves)
Will    .....                   (no boots)
Stlth   ++........              d - amulet of faith
HPRegen 0.10/turn               c - +4 ring of evasion
MPRegen 0.15/turn               (no ring)

@: no status effects
A: no striking features
a: Renounce Religion, Sea of Fire, Foxfire Swarm, Rising Flame


You were on level 4 of the Dungeon.
You worshipped Ignis.
Ignis was extremely pleased with you.
You visited 1 branch of the dungeon, and saw 4 of its levels.

You collected 125 gold pieces.

Inventory:

Armour
 a - a +0 robe (worn)
 i - a +0 pair of boots
 l - a +2 helmet (worn)
Jewellery
 c - a +4 ring of evasion (left hand)
 d - an amulet of faith (around neck)
 j - a ring of ice
Scrolls
 b - 3 scrolls of silence
 h - a scroll of magic mapping {unknown}
 k - 2 scrolls of identify
 m - a scroll of fear
Potions
 e - 3 potions of curing
 f - 2 potions of might
 g - 2 potions of heal wounds {unknown}


   Skills:
 - Level 2.4 Dodging
 - Level 2.4 Stealth
 + Level 5.6 Spellcasting
 + Level 5.6 Conjurations
 + Level 5.0 Fire Magic


You couldn't memorise any spells.
You knew the following spells:

 Your Spells              Type           Power      Damage    Failure   Level
a - Magic Dart            Conj           100%       1d8       1%          1
b - Searing Ray           Conj           70%        2d7       1%          2
c - Scorch                Fire           64%        2d8       1%          2
d - Flame Wave            Conj/Fire      33%        3d7       9%          4
e - Dazzling Flash        Conj/Hex       42%        N/A       8%          3
f - Sticky Flame          Conj/Fire      33%        2d5       9%          4

Your spell library contained the following spells:

 Spells                   Type           Power      Damage    Failure   Level
 Conjure Flame            Conj/Fire      33%        6-21      2%          3
 Ignite Poison            Fire/Tmut/Pois 15%        N/A       12%         3
 Fulminant Prism          Conj/Hex       10%        3d9       24%         4
 Iskenderun's Mystic Bla  Conj/Tloc      21%        2d6       24%         4
 Summon Cactus Giant      Summ           3%         N/A       100%        6


Dungeon Overview and Level Annotations

Branches:
Dungeon (4/15)
 Temple: D:4-7

Altars:
Okawaru
Ignis

Annotations:
D:4 Edmund


Message History

A wave of flame ripples out!
The flame wave engulfs Edmund!
Edmund resists.
Edmund is moderately wounded.
Edmund misses you.
A wave of flame ripples out!
The flame wave engulfs Edmund.
Edmund resists.
Edmund is heavily wounded.
You finish channelling waves of flame.
Edmund says, "You wouldn't believe how much I paid for this flail."
Edmund hits you with a +1 vorpal dire flail.
Casting: Flame Wave (quite dangerous; 9% risk of failure)
Confirm with . or Enter, or press ? or * to list all spells.
Aiming: Searing Ray (safe; 1% risk of failure)
Press: ? - help, Shift-Dir - straight line, f - Edmund
Aim: Edmund, wielding a +1 vorpal dire flail and wearing a +3 scale mail of fire resistance (heavily wounded, 83% to hit)
The searing ray hits Edmund but does no damage.
Edmund is heavily wounded. (Press . to maintain the ray.) Edmund completely misses you.
The searing ray hits Edmund!
Edmund is heavily wounded.
Edmund hits you with a +1 vorpal dire flail!
The searing ray hits Edmund.
Edmund is severely wounded.
Edmund barely misses you.
The searing ray hits Edmund!
Edmund is severely wounded.
You finish channelling your searing ray.
Edmund drinks a potion.
Edmund is healed!
Casting: Searing Ray (safe; 1% risk of failure)
Confirm with . or Enter, or press ? or * to list all spells.
Aiming: Searing Ray (safe; 1% risk of failure)
Press: ? - help, Shift-Dir - straight line, f/p - Edmund
Aim: Edmund, wielding a +1 vorpal dire flail and wearing a +3 scale mail of fire resistance (heavily wounded, 83% to hit)
The searing ray hits Edmund.
Edmund is severely wounded. (Press . to maintain the ray.) Edmund closely misses you.
The searing ray hits Edmund.
Edmund is severely wounded.
Edmund hits you with a +1 vorpal dire flail!
You die...

######### #########
#.>.....# #.......#
#.......# #.......#
####.......# #......^#
#...........
#.......####...........
#....@@.......#.......#
#.....................#
#.......####..........#
.........# #..##.......
##........ ....>...#....
..###.........##..####..
. ##............####..
!.#..###........#..
#..........#


You could see Edmund.

Vanquished Creatures
  A hound (D:4)
  A jelly (D:4)
  2 orc priests (D:4)
  3 orc wizards
  Robin (D:3)
  4 adders
  3 gnolls
  An ufetubus (D:4)
  3 worms
  10 orcs
  12 ball pythons
  5 bats
  11 endoplasms
  3 giant cockroaches
  16 goblins
  12 hobgoblins
  3 jackals (D:1)
  10 kobolds
  2 quokkas
  7 frilled lizards
  2 rats
112 creatures vanquished.

Notes
Turn   | Place    | Note
-------+----------+-------------------------------------------
     0 | D:1      | horus123 the Deep Elf Conjurer began the quest for the Orb.
     0 | D:1      | Reached XP level 1. HP: 10/10 MP: 6/6
   147 | D:1      | Reached XP level 2. HP: 15/15 MP: 6/8
   154 | D:1      | Reached skill level 5 in Conjurations
   186 | D:1      | Learned a level 2 spell: Searing Ray
   527 | D:1      | Learned a level 2 spell: Scorch
   571 | D:1      | Reached XP level 3. HP: 19/19 MP: 8/10
   704 | D:1      | Found a faded altar of an unknown god.
   733 | D:1      | Prayed at the altar of an unknown god.
   733 | D:1      | Became a worshipper of Ignis, the Dying Flame
   964 | D:1      | Reached skill level 5 in Spellcasting
  1159 | D:2      | Reached XP level 4. HP: 6/24 MP: 8/13
  1160 | D:2      | Reached skill level 1 in Fire Magic
  1454 | D:2      | Learned a level 4 spell: Flame Wave
  2815 | D:3      | Noticed Robin
  2820 | D:3      | Found an iron altar of Okawaru.
  2836 | D:3      | Killed Robin
  2850 | D:3      | Reached XP level 5. HP: 26/28 MP: 0/14
  3048 | D:3      | Learned a level 3 spell: Dazzling Flash
  3079 | D:3      | You fall into a shaft and drop 1 floor!
  3682 | D:4      | Reached XP level 6. HP: 25/32 MP: 1/15
  3716 | D:4      | Reached skill level 5 in Fire Magic
  4118 | D:4      | Learned a level 4 spell: Sticky Flame
  4191 | D:4      | Noticed Edmund
  4203 | D:4      | Slain by Edmund

Illustrated notes

Levels and vault maps discovered:
D:1:      minmay_arrival_plants_in_alcoves, layout_rooms,
          chequers_ecumenical_altar_simple_redux, serial_park_tiny_1
D:2:      layout_loops_ring, serial_co_window_serial,
          co_window_of_opportunity_a, co_window_paths_b, co_window_paths_a,
          co_window_of_opportunity_a, co_window_paths_a, co_window_broadway_a,
          co_window_broadway_c, co_window_broadway_b, co_window_paths_d,
          co_window_4corner_b, glass_columns_b, glass_columns_a
D:3:      layout_rooms, okawaru_gym_becter, uniq_robin
D:4:      layout_rooms, uniq_edmund

Skill      XL: |  1  2  3  4  5  6 |
---------------+-------------------+-----
Conjurations   | 5 |  5.6
Spellcasting   | 4 5 |  5.6
Fire Magic     | 3 4 5 |  5.0
Dodging        | |  2.4
Stealth        | |  2.4

Action                   |  1- 3 |  4- 6 || total
-------------------------+-------+-------++-------
Melee: Unarmed           |       |     5 ||     5
 Cast: Magic Dart        |    50 |   129 ||   179
       Searing Ray       |     3 |     9 ||    12
       Scorch            |       |     5 ||     5
       Flame Wave        |       |     1 ||     1
  Use: Scroll            |     2 |     4 ||     6
       Potion            |       |     1 ||     1
Armor: Robe              |       |     1 ||     1
Dodge: Dodged            |    11 |    17 ||    28

Table legend: (Time is in decaauts)
 A = Elapsed time spent in this place.
 B = Non-inter-level travel time spent in this place.
 C = Inter-level travel time spent in this place.
 D = Time resting spent in this place.
 E = Time spent auto-exploring this place.
 F = Levels seen in this place.
 G = Mean time per level.
                   A        B        C        D        E       F      G
               +--------+--------+--------+--------+--------+-----+--------+
         Total |   4212 |   4110 |    102 |    897 |   2671 |   4 | 1053.0 |
       Dungeon |   4212 |   4110 |    102 |    897 |   2671 |   4 | 1053.0 |
               +--------+--------+--------+--------+--------+-----+--------+

Top non-repeatable levels by time:
     D:2: 1662 daAuts
     D:1: 1153 daAuts
     D:3: 730 daAuts
     D:4: 665 daAuts
